General information
- name: BNet
- type: Ladder 1vs1/FFA
- host: Battle.net
- saver: TIMG4STRok
map: BrokenShard
- players: 2
- length: 02:27
- speed: Fast
- version: 1.21 W3XP
- replay type:

» download(6 KB)
Players
team 1 (loser)
teslashock (
yellow | 61 APM | 148 actions | 02:25)
» actions
| Assign group hotkey | 4 | |
| Build / train | 10 | |
| Enter build submenu | 4 | |
| Right click | 45 | |
| Select / deselect | 32 | |
| Select group hotkey | 46 | |
| Use ability | 7 | |
148 total
» units
» buildings
| Moon Well | 2 | |
| Ancient of War | 1 | |
| Altar of Elders | 1 | |
4 total
» build order
00:18 Moon Well
00:41 Ancient of War
00:57 Altar of Elders
01:16 Moon Well
team 2 (winner)

»
TIMG4STRok (
orange | 44 APM | 109 actions | 02:27)
1 Blademaster
1 Wind Walk
» actions
| Assign group hotkey | 2 | |
| Build / train | 12 | |
| ESC pressed | 1 | |
| Enter build submenu | 5 | |
| Enter hero's abilities submenu | 1 | |
| Right click | 45 | |
| Select / deselect | 26 | |
| Select group hotkey | 10 | |
| Use ability | 7 | |
109 total
» units
» buildings
| Altar of Storms | 1 | |
| Orc Burrow | 2 | |
| Barracks | 1 | |
| Voodoo Lounge | 1 | |
5 total
» build order
00:03 Altar of Storms
00:15 Orc Burrow
00:45 Barracks
01:25 Orc Burrow
01:48 Voodoo Lounge
Chat log
(00:07 / All) TIMG4STRok: gl hf